 Dungeon Crawl Stone Soup version 0.27-a0-1158-gaa87e14f67 (webtiles) character file.

Game seed: 1418962675683482973

14683649 magipi the Bringer of Light (level 27, 179/179 HPs)
             Began as a Gargoyle Berserker on May 11, 2021.
             Was the Champion of the Shining One.
             Escaped with the Orb
             ... and 15 runes on May 15, 2021!
             The game lasted 08:48:24 (107628 turns).

magipi the Bringer of Light (Gargoyle Berserker)  Turns: 107628, Time: 08:48:24

Health: 179/179    AC: 68    Str: 24    XL:     27
Magic:  40/40      EV: 23    Int:  9    God:    the Shining One [******]
Gold:   10038      SH: 22    Dex: 16    Spells: 43/46 levels left

rFire    + + +     SeeInvis .   b - +18 lance "Wyrmbane" {slay drac, rPois rF+ rC+ AC+3}
rCold    + + +     Faith    .   M - +5 kite shield {reflect}
rNeg     + + +     Spirit   .   c - +12 gold dragon scales
rPois    ∞         Reflect  +   y - -2 hat of the Alchemist {rElec rPois rF+ rC+ rN+ Will+ rMut rCorr}
rElec    +         Harm     .   m - +1 cloak of Starlight {*Dazzle EV+4 Stlth--}
rCorr    +         Rampage  .   p - +2 pair of gloves {archery}
rMut     +                      R - +2 pair of boots {Fly}
Will     +++..                  r - amulet of regeneration
Stlth    ..........             s - +4 ring of slaying
HPRegen  1.39/turn              v - +4 ring of evasion
MPRegen  0.27/turn

@: flying, glowing, studying 5 skills
A: sickness immunity, AC +20, big wings, negative energy resistance 1,
electricity resistance, torment resistance 1, petrification resistance, cold
resistance 1, dopey 1, frail 1, subdued magic 1
0: Orb of Zot
}: 15/15 runes: serpentine, barnacled, slimy, silver, golden, iron, obsidian,
icy, bone, abyssal, demonic, glowing, magical, fiery, dark
a: Renounce Religion, Divine Shield, Cleansing Flame, Summon Divine Warrior


You escaped.
You worshipped the Shining One.
The Shining One was exalted by your worship.
You visited 18 branches of the dungeon, and saw 90 of its levels.
You visited Pandemonium 2 times, and saw 26 of its levels.
You visited the Abyss 2 times.
You visited 1 bazaar.
You also visited: Trove, Bailey, Gauntlet and Volcano.

You collected 19643 gold pieces.
You spent 9605 gold pieces at shops.

Inventory:

Hand Weapons
 a - a +9 trishula of holy wrath (the Shining One gifted it to you on level 2 of the Crypt)
 b - the +18 lance "Wyrmbane" (weapon) {slay drac, rPois rF+ rC+ AC+3}
   (You acquired it on level 2 of the Elven Halls)

   It affects your AC (+3).
   It protects you from fire.
   It protects you from cold.
   It protects you from poison.
Missiles
 f - 8 throwing nets
 x - 39 silver javelins
 D - 49 javelins
 G - 81 boomerangs (quivered)
 N - 4 boomerangs of dispersal
Armour
 c - +12 gold dragon scales (worn)
   (You found it on level 1 of the Realm of Zot)
 m - the +1 cloak of Starlight (worn) {*Dazzle EV+4 Stlth--}
   (You bought it in a shop in a bazaar)

   It affects your evasion (+4).
   It makes you much less stealthy.
 p - a +2 pair of gloves of archery (worn)
   (You found it on level 3 of the Elven Halls)
 y - the -2 hat of the Alchemist (worn) {rElec rPois rF+ rC+ rN+ Will+ rMut rCorr}
   (You found it on level 3 of the Elven Halls)

   It protects you from fire.
   It protects you from cold.
   It insulates you from electricity.
   It protects you from poison.
   It protects you from negative energy.
   It protects you from acid and corrosion.
   It protects you from mutation.
   It increases your willpower.
 H - a +2 tower shield of fire resistance
   (You took it off a warmonger in Pandemonium)
 M - a +5 kite shield of reflection (worn)
   (You took it off a tengu warrior on level 15 of the Dungeon)
 R - a +2 pair of boots of flying (worn)
   (You found it on level 3 of the Elven Halls)
Jewellery
 i - a ring of the Octopus King {AC+1 EV+1 Str+1 Int+1 Dex+1 SInv}
   (You found it on level 7 of Gehenna)

   [ring of see invisible]

   It affects your AC (+1).
   It affects your evasion (+1).
   It affects your strength (+1).
   It affects your intelligence (+1).
   It affects your dexterity (+1).
   It lets you see invisible.
 r - an amulet of regeneration (around neck)
   (You found it on level 2 of the Crypt)
 s - a +4 ring of slaying (left hand)
   (You found it on level 14 of the Dungeon)
 v - a +4 ring of evasion (right hand)
   (You found it on level 3 of the Elven Halls)
Wands
 d - a wand of digging (22)
   (You found it on level 6 of the Lair of Beasts)
 t - a wand of iceblast (89)
   (You found it on level 5 of the Dungeon)
 E - a wand of acid (38)
   (You took it off a gnoll shaman on level 9 of the Dungeon)
 O - a wand of paralysis (42)
   (You found it on level 6 of the Dungeon)
 V - a wand of charming (43)
   (You found it on level 6 of the Lair of Beasts)
 Y - a wand of polymorph (91)
   (You found it on level 5 of the Dungeon)
Scrolls
 e - 3 scrolls of holy word
 j - 72 scrolls of identify
 k - 9 scrolls of noise
 n - 19 scrolls of teleportation
 w - 4 scrolls of silence
 A - 7 scrolls of fog
 I - 3 scrolls of blinking
 K - 6 scrolls of summoning
 P - 6 scrolls of immolation
 U - 10 scrolls of fear
 Z - 5 scrolls of magic mapping
Potions
 g - 6 potions of magic
 h - 4 potions of heal wounds
 l - 10 potions of haste
 q - 7 potions of might
 u - 22 potions of curing
 z - 10 potions of ambrosia
 C - 5 potions of cancellation
 F - 4 potions of resistance
 X - 8 potions of mutation
Miscellaneous
 o - a box of beasts
   (You found it on level 3 of the Elven Halls)
 B - a phial of floods
   (You found it on level 2 of the Shoals)
 J - a phantom mirror
   (You found it on level 5 of the Pits of Slime)
 L - a phantom mirror
   (You found it on level 12 of the Dungeon)
 Q - a tin of tremorstones (2/2)
   (You found it on level 3 of the Snake Pit)
 T - a figurine of a ziggurat


   Skills:
 O Level 27 Fighting
 - Level 2.3(13.6) Axes
 - Level 0.8(1.8) Maces & Flails
 + Level 19.7(19.8) Polearms
 - Level 16.0 Throwing
 - Level 21.3 Armour
 + Level 21.5 Dodging
 + Level 20.4 Shields
 - Level 10.0 Spellcasting
 - Level 10.0 Translocations
 O Level 27 Invocations
 O Level 27 Evocations


You had 43 spell levels left.
You knew the following spells:

 Your Spells              Type           Power      Damage    Failure   Level
a - Apportation           Tloc           34%        N/A       2%          1
b - Blink                 Tloc           N/A        N/A       4%          2

Your spell library contained the following spells:

 Spells                   Type           Power      Damage    Failure   Level
 Gell's Gravitas          Tloc           8%         N/A       9%          3
 Lesser Beckoning         Tloc           8%         N/A       9%          3
 Teleport Other           Tloc           17%        N/A       9%          3
 Passage of Golubria      Tloc           N/A        N/A       30%         4
 Portal Projectile        Hex/Tloc       20%        N/A       58%         3
 Manifold Assault         Tloc           17%        N/A       63%         5
 Animate Skeleton         Necr           6%         N/A       89%         1
 Beastly Appendage        Tmut           6%         N/A       89%         1
 Corona                   Hex            3%         N/A       89%         1
 Foxfire                  Conj/Fire      12%        2x1d4     89%         1
 Freeze                   Ice            12%        1d4       89%         1
 Magic Dart               Conj           12%        1d3       89%         1
 Pain                     Necr           12%        1d4       89%         1
 Sandblast                Erth           6%         2d5       89%         1
 Shock                    Conj/Air       12%        1d3       89%         1
 Sting                    Tmut/Pois      12%        1d3       89%         1
 Summon Small Mammal      Summ           12%        N/A       89%         1
 Iskenderun's Mystic Bla  Conj/Tloc      10%        2d4       94%         4
 Call Imp                 Summ           3%         N/A       96%         2
 Corpse Rot               Necr/Air       N/A        N/A       96%         2
 Ensorcelled Hibernation  Hex/Ice        6%         N/A       96%         2
 Passwall                 Tmut/Erth      2%         N/A       96%         2
 Poisonous Vapours        Pois/Air       6%         N/A       96%         2
 Searing Ray              Conj           6%         3d3       96%         2
 Slow                     Hex            3%         N/A       96%         2
 Static Discharge         Conj/Air       3%         N/A       96%         2
 Wereblood                Tmut           3%         N/A       96%         2
 Call Canine Familiar     Summ           3%         N/A       99%         3
 Confusing Touch          Hex            3%         N/A       99%         3
 Conjure Flame            Conj/Fire      3%         6-21      99%         3
 Dazzling Flash           Conj/Hex       6%         N/A       99%         3
 Frozen Ramparts          Ice            6%         1d2       99%         3
 Ignite Poison            Fire/Tmut/Pois 3%         N/A       99%         3
 Inner Flame              Hex/Fire       3%         N/A       99%         3
 Mephitic Cloud           Conj/Pois/Air  3%         N/A       99%         3
 Ozocubu's Armour         Ice            3%         N/A       99%         3
 Spider Form              Tmut/Pois      1%         N/A       99%         3
 Stone Arrow              Conj/Erth      6%         3d7       99%         3
 Summon Guardian Golem    Hex/Summ       3%         N/A       99%         3
 Swiftness                Air            3%         N/A       99%         3
 Tukima's Dance           Hex            3%         N/A       99%         3
 Vampiric Draining        Necr           1%         2d6       99%         3
 Dispersal                Tloc           8%         N/A       99%         6
 Airstrike                Air            1%         N/A       100%        4
 Animate Armour           Summ/Erth      6%         N/A       100%        4
 Animate Dead             Necr           1%         N/A       100%        4
 Cause Fear               Hex            1%         N/A       100%        4
 Fulminant Prism          Conj/Hex       1%         3d6       100%        4
 Hailstorm                Conj/Ice       3%         3d3       100%        4
 Ice Form                 Ice/Tmut       3%         N/A       100%        4
 Leda's Liquefaction      Hex/Erth       1%         N/A       100%        4
 Olgreb's Toxic Radiance  Pois           3%         N/A       100%        4
 Petrify                  Tmut/Erth      3%         N/A       100%        4
 Sticky Flame             Conj/Fire      3%         2d3       100%        4
 Summon Ice Beast         Ice/Summ       3%         N/A       100%        4
 Summon Lightning Spire   Summ/Air       3%         N/A       100%        4
 Agony                    Necr           3%         N/A       100%        5
 Alistair's Intoxication  Tmut/Pois      2%         N/A       100%        5
 Bolt of Magma            Conj/Fire/Erth 1%         4d4       100%        5
 Borgnjor's Vile Clutch   Necr/Erth      1%         N/A       100%        5
 Fireball                 Conj/Fire      1%         3d3       100%        5
 Hydra Form               Tmut           1%         N/A       100%        5
 Irradiate                Conj/Tmut      1%         3d14      100%        5
 Iskenderun's Battlesphe  Conj           3%         2d6       100%        5
 Lee's Rapid Deconstruct  Erth           1%         3d5*      100%        5
 Lightning Bolt           Conj/Air       1%         1d12      100%        5
 Metabolic Englaciation   Hex/Ice        1%         N/A       100%        5
 Silence                  Hex/Air        1%         N/A       100%        5
 Summon Forest            Summ/Tloc      5%         N/A       100%        5
 Summon Mana Viper        Hex/Summ       3%         N/A       100%        5
 Yara's Violent Unravell  Hex/Tmut       1%         3d3       100%        5
 Blade Hands              Tmut           1%         N/A       100%        6
 Conjure Ball Lightning   Conj/Air       1%         3x3d6     100%        6
 Death Channel            Necr           1%         N/A       100%        6
 Eringya's Noxious Bog    Tmut/Pois      1%         N/A       100%        6
 Freezing Cloud           Conj/Ice/Air   1%         6-21      100%        6
 Invisibility             Hex            3%         N/A       100%        6
 Iron Shot                Conj/Erth      1%         9d1       100%        6
 Shadow Creatures         Summ           N/A        N/A       100%        6
 Simulacrum               Ice/Necr       1%         N/A       100%        6
 Starburst                Conj/Fire      1%         8x6d3     100%        6
 Dragon Form              Tmut           1%         N/A       100%        7
 Malign Gateway           Summ/Tloc      5%         N/A       100%        7
 Orb of Destruction       Conj           1%         N/A       100%        7
 Ozocubu's Refrigeration  Ice            1%         4d5       100%        7
 Spellforged Servitor     Conj/Summ      1%         N/A       100%        7
 Summon Hydra             Summ           1%         N/A       100%        7
 Discord                  Hex            1%         N/A       100%        8
 Disjunction              Tloc           8%         N/A       100%        8
 Ignition                 Fire           1%         3d3       100%        8
 Death's Door             Necr           1%         N/A       100%        9
 Dragon's Call            Summ           1%         N/A       100%        9
 Shatter                  Erth           1%         3d6*      100%        9
 Tornado                  Air            1%         N/A       100%        9
 Sublimation of Blood     Necr           Unusable   N/A       N/A         2
 Statue Form              Tmut/Erth      Unusable   N/A       N/A         6

Dungeon Overview and Level Annotations

Branches:
Dungeon (15/15)            Temple (1/1) D:6            Lair (6/6) D:8
 Shoals (4/4) Lair:2        Snake (4/4) Lair:3        Slime (5/5) Lair:6
    Orc (2/2) D:9             Elf (3/3) Orc:2        Vaults (5/5) D:14
  Crypt (3/3) Vaults:2       Tomb (3/3) Crypt:3      Depths (5/5) D:15
   Hell (visited)             Dis (7/7) Hell            Geh (7/7) Hell
    Coc (7/7) Hell            Tar (7/7) Hell            Zot (5/5) Depths:5
 Bailey (visited)         Volcano (visited)         Gauntlet (visited)

Altars:
Ashenzari
Cheibriados
Dithmenos
Elyvilon
Fedhas
Gozag
Hepliaklqana
Kikubaaqudgha
Makhleb
Nemelex Xobeh
Okawaru
Qazlal
Ru
Sif Muna
Trog
Uskayaw
Vehumet
Wu Jian
Xom
Yredelemnul
Zin
The Shining One
Beogh
Jiyva
Lugonu

Shops:
D:2 ?!:   D:8 :   Orc:2 [*!(   Elf:3 [   Snake:1 **=[   Vaults:1 ??(?(
Vaults:3 *   Zot:1 *   Depths:5 =

Portals:
Hell: Depths:1 Depths:2 Depths:3 Depths:4 Depths:5
Abyss: Depths:2 Depths:4
Pandemonium: Depths:3
Ziggurat: Depths:2

Annotations:
D:13 2 runed translucent doors, MikuNakano's ghost, journeyman VSBe
Snake:3 1 runed translucent door
Elf:2 3 runed translucent doors
Crypt:1 1 transporter, Boris


Innate Abilities, Weirdness & Mutations

You are immune to sickness and miasma.
Your stone body is resilient. (AC +20)
You are immune to poison.
Your large and strong wings let you fly.
You resist negative energy. (rN+)
You are resistant to electric shocks. (rElec)
You are resistant to unholy torment.
You are immune to petrification.
Your flesh is cold resistant. (rC+)
You are dopey. (Int -2)
You are frail. (-10% HP)
Your spells are a little easier to cast, but a little less powerful.


Message History

The boomerang hits the tormentor but does no damage.
The tormentor is severely wounded.
The tormentor calls on the powers of darkness!
Your body is wracked with pain!
Unknown command.
Unknown command.
Throw: 81 boomerangs
Press: ? - help, Q - select action, (/) - cycle Shift-Dir - straight line, f/p - tormentor
Aim: a tormentor (severely wounded, haloed, 84% to hit)
You throw a boomerang. The boomerang hits the tormentor.
The tormentor is almost dead.
Unknown command.
Unknown command.
Unknown command.
Throw: 81 boomerangs
Press: ? - help, Q - select action, (/) - cycle Shift-Dir - straight line, f/p - tormentor
Aim: a tormentor (almost dead, haloed, 85% to hit)
You throw a boomerang. The boomerang hits the tormentor!
You kill the tormentor!
The Shining One accepts your kill.
You feel better.
Unknown command.
Unknown command.
(D) Dungeon (T) Temple (L) Lair (A) Shoals (P) Snake Pit (M) Slime Pits (O) Orcish Mines (E) Elven Halls (V) Vaults (C) Crypt (W) Tomb (U) Depths (H) Hell (I) Dis (G) Gehenna (X) Cocytus (Y) Tartarus (Z) Zot
Where to? (Enter - D:1 @ (x,y), ? - help) HP restored.
A red devil comes into view. It is wielding a +0 trident.
The red devil moves out of view.
There is a stone staircase leading up here.
You fly upwards.
There is a stone staircase leading down here.
(D) Dungeon (T) Temple (L) Lair (A) Shoals (P) Snake Pit (M) Slime Pits (O) Orcish Mines (E) Elven Halls (V) Vaults (C) Crypt (W) Tomb (U) Depths (H) Hell (I) Dis (G) Gehenna (X) Cocytus (Y) Tartarus (Z) Zot
Where to? (Enter - D:1 @ (x,y), ? - help)
An Orb Guardian comes into view.
You barely miss the Orb Guardian. You puncture the Orb Guardian!
The Orb Guardian is lightly wounded.
You block the Orb Guardian's attack.
You hit the Orb Guardian.
The Orb Guardian is lightly wounded.
The Orb Guardian hits you but does no damage.
You impale the Orb Guardian!!
The Orb Guardian is heavily wounded.
You hit the Orb Guardian.
The Orb Guardian is heavily wounded.
You block the Orb Guardian's attack.
You hit the Orb Guardian.
The Orb Guardian is heavily wounded.
The Orb Guardian completely misses you.
You barely miss the Orb Guardian.
The Orb Guardian is heavily wounded.
The Orb Guardian misses you.
You barely miss the Orb Guardian.
The Orb Guardian is heavily wounded.
You puncture the Orb Guardian!
The Orb Guardian is severely wounded.
The Orb Guardian hits you but does no damage.
You puncture the Orb Guardian!
The Orb Guardian is almost dead.
The Orb Guardian hits you but does no damage.
You puncture the Orb Guardian!
The Orb Guardian is almost dead.
You impale the Orb Guardian!!
You kill the Orb Guardian!
A daeva comes into view.
It is wielding a +5 long sword of holy wrath.
The daeva calls down the wrath of the Shining One upon you.
The Shining One smites you!
There is an escape hatch in the ceiling here.
Unknown command.
A mysterious force pulls you upwards. The hatch slams shut behind you.
(D) Dungeon (T) Temple (L) Lair (A) Shoals (P) Snake Pit (M) Slime Pits (O) Orcish Mines (E) Elven Halls (V) Vaults (C) Crypt (W) Tomb (U) Depths (H) Hell (I) Dis (G) Gehenna (X) Cocytus (Y) Tartarus (Z) Zot
Where to? (Enter - D:1 @ (x,y), ? - help)
There is a stone staircase leading up here.
You fly upwards.
HP restored.
There is a stone staircase leading down here.
You see here 18 bolts.
A shadow demon comes into view.
You impale the shadow demon!!
The shadow demon is heavily wounded.
You impale the shadow demon!!
You kill the shadow demon!
The Shining One accepts your kill.
There is a staircase leading out of the dungeon here.
Unknown command.
Unknown command.
Unknown command.
Unknown command.
You have escaped!

#...............#.#
#...............#.#
##......#########.##
#.................#
####...#########..### ##.##
#....# #.# ##.#.# ##### #.#.#
##.@.## #.#.# ##.....## #.#.#
#.#8≈8#.########.#.#
#.#≈≈≈#.#........#.#
#############.#8≈8#.#.########.#
............#.#≈≈≈#.#.# #.#
####.########.#8≈8#.#.# #.# #.#
##.....##.# #.# #.# ###.####.#
#.#


There were no monsters in sight!

Vanquished Creatures
  Cerebov (Pan)
  Asmodeus (Geh:7)
  the Royal Jelly (Slime:5)
  2 dread liches
  5 orbs of fire
  2 ancient liches
  Khufu (Tomb:3)
  Mennas (Depths:3)
  3 juggernauts (Depths:5)
  13 royal mummies
  Sojobo (Tomb:1)
  9 shard shrikes
  9 Killer Klowns (Zot:5)
  4 caustic shrikes
  Margery (Crypt:1)
  Saint Roka (Elf:1)
  2 curse toes (Zot:4)
  5 pandemonium lords (Pan)
  Geryon (Hell)
  12 golden dragons
  7 bone dragons
  2 doom hounds
  15 Brimstone Fiends
  5 iron giants
  3 electric golems
  14 Tzitzimimeh
  The ghost of Leidydirph the Warrior, an adept MiGl of Ru (Vaults:3)
  3 hellephants (Depths:5)
  Rupert (D:12)
  13 Ice Fiends
  8 Hell Sentinels
  14 tentacled monstrosities
  28 Orb Guardians
  3 titans
  6 quicksilver dragons
  2 deep elf master archers (Elf:3)
  2 deep elf blademasters (Elf:3)
  12 acid blobs
  13 liches
  6 tentacled starspawn
  11 ancient champions
  4 death cobs
  11 tengu reavers
  14 Executioners (Pan)
  14 sphinxes
  22 storm dragons
  7 revenants
  18 shadow dragons
  16 fire giants
  2 daevas (Pan)
  8 blood saints (Pan)
  9 azure jellies
  11 frost giants
  15 vault wardens
  8 rockslimes
  An orc warlord (D:9)
  An angel (Pan)
  10 draconian monks
  6 draconian shifters
  8 deep elf sorcerers
  A juggernaut zombie (Depths:2)
  5 iron dragons
  8 cacodemons (Pan)
  A caustic shrike zombie (Depths:2)
  3 black suns (Pan)
  Aizul (Snake:1)
  4 draconian knights
  9 deep elf elementalists
  3 warmongers (Pan)
  8 draconian annihilators
  4 draconian scorchers
  4 curse skulls
  4 elemental wellsprings
  29 balrugs
  23 very ugly things
  A juggernaut skeleton (Crypt:1)
  7 war gargoyles
  10 quicksilver oozes
  49 stone giants
  5 draconian stormcallers
  19 ironbound preservers
  A spriggan defender (Depths:4)
  9 green draconians
  49 reapers
  5 corrupters (Pan)
  11 vampire knights
  3 lorocyprocas
  11 starcursed masses
  7 white draconians
  3 bennus (Tomb:3)
  12 black draconians
  13 yellow draconians
  2 apis (Pan)
  12 deep elf annihilators
  16 red draconians
  9 purple draconians
  An entropy weaver (Vaults:4)
  11 deep elf demonologists
  3 spark wasps (Depths:2)
  A minotaur (Gauntlet)
  28 blizzard demons
  10 merfolk impalers
  3 merfolk javelineers (Shoals:4)
  19 ettins
  8 deep elf death magi
  12 fire dragons
  3 eidola
  26 mummy priests
  11 jiangshi
  13 green deaths
  14 naga warriors
  6 deep elf high priests
  2 kraken zombies
  6 quicksilver dragon skeletons
  4 boulder beetles
  10 ironbound thunderhulks
  3 quicksilver dragon zombies
  31 vault guards
  18 rakshasas
  22 yaktaur captains
  23 ice dragons
  10 great orbs of eyes
  9 monstrous demonspawn (Pan)
  10 hydras
  7 salamander tyrants (Snake:4)
  3 spriggan air magi
  Erolcha (D:9)
  3 hell beasts (Hell)
  An alligator snapping turtle (Shoals:3)
  A catoblepas (Lair:6)
  2 ogre magi (Vaults:5)
  5 merfolk avatars
  11 anacondas
  11 ironbound frosthearts
  A satyr (Shoals:2)
  3 death knights
  16 centaur warriors
  10 two-headed ogres
  9 tengu warriors
  14 dancing weapons
  15 deep troll shamans
  9 merfolk aquamancers
  15 vampire magi
  6 titan zombies
  41 death scarabs
  8 thrashing horrors
  Urug (Orc:1)
  14 shock serpents
  22 hell hogs
  8 naga sharpshooters
  4 ironbound beastmasters
  10 deep troll earth magi
  6 spriggan berserkers
  36 soul eaters
  11 deep elf knights
  A fire crab (shapeshifter) (D:14)
  3 iron golems
  2 wretched stars
  6 titan skeletons
  45 sun demons
  8 salamander mystics (Snake:4)
  35 hell knights
  9 shadow wraiths
  A storm dragon zombie (Coc:6)
  98 skeletal warriors
  A quicksilver dragon simulacrum (Hell)
  A storm dragon skeleton (Geh:2)
  6 iron trolls
  7 sixfirhies
  A bunyip zombie (Crypt:2)
  The ghost of jasper the Ducker, a novice DjTm of Cheibriados (D:7)
  19 sea snakes
  29 shadow demons
  8 anaconda zombies
  2 golden dragon zombies (Geh:2)
  A sea snake (shapeshifter) (Depths:3)
  62 deep trolls
  12 flayed ghosts
  3 gelid demonspawn (Pan)
  9 glowing orange brains
  3 torturous demonspawn (Pan)
  A death drake (shapeshifter) (Elf:3)
  3 ghost moth zombies
  15 wizards
  19 deep elf archers
  5 infernal demonspawn (Pan)
  A kraken simulacrum (Hell)
  6 bog bodies (Coc:7)
  10 naga ritualists
  A cherub (Pan)
  3 shadow dragon zombies
  2 glowing orange brains (shapeshifter)
  8 anaconda skeletons
  2 golden dragon skeletons
  An obsidian statue (Zot:5)
  A tengu zombie (Depths:2)
  18 phantasmal warriors
  14 ironbound convokers
  An orc knight (Vaults:5)
  4 wolf spider zombies
  18 deep elf pyromancers
  14 lindwurms
  21 necromancers
  22 deep elf zephyrmancers
  36 harpies
  5 iron dragon zombies
  15 mana vipers
  4 shining eyes
  3 oklob plants (Lair:3)
  35 ugly things
  13 fauns
  A salamander (shapeshifter) (Gauntlet)
  4 frost giant zombies
  24 cyclopes
  11 manticores
  9 orc sorcerers
  3 stone giant zombies
  A tengu skeleton (D:15)
  18 elephants
  3 wolf spiders
  12 merfolk sirens
  6 fire giant skeletons
  52 black mambas
  A shadow dragon skeleton (Coc:2)
  5 iron dragon skeletons
  19 salamanders
  10 fire giant zombies
  A toenail golem (Pan)
  21 moths of wrath
  10 guardian serpents
  A shock serpent zombie (Coc:5)
  A worldbinder (Abyss:3)
  8 frost giant skeletons
  2 water nymphs (Shoals:4)
  An eye of devastation (Slime:3)
  13 orange demons
  9 stone giant skeletons
  3 ice statues
  18 rust devils
  17 vault sentinels
  3 dire elephant zombies
  16 naga magi
  5 dire elephant skeletons
  53 smoke demons
  22 cane toads
  15 molten gargoyles
  3 gargoyles
  8 spectral swamp worms (Tar:7)
  25 hellions
  A storm dragon simulacrum (Depths:2)
  3 unseen horrors
  3 emperor scorpion zombies
  2 sea snake zombies (Hell)
  6 efreet
  A green draconian zombie (Coc:1)
  4 rime drakes
  10 demonic crawlers (Pan)
  12 komodo dragons
  32 ice devils
  A golden dragon simulacrum (Coc:7)
  19 hellwings (Pan)
  An anaconda simulacrum (Coc:7)
  39 yaktaurs
  2 silent spectres
  33 tormentors
  34 merfolk
  10 hydra zombies
  4 tengu conjurers
  16 freezing wraiths
  29 red devils
  A sea snake skeleton (Hell)
  2 harpy zombies
  67 guardian mummies
  12 trolls
  9 polar bears
  2 hornets (Lair:6)
  A polar bear (shapeshifter) (Elf:3)
  A merfolk (shapeshifter) (Depths:3)
  5 hydra skeletons
  A raiju (shapeshifter) (Vaults:5)
  A boulder beetle zombie (Crypt:3)
  6 ice dragon zombies
  11 blink frogs
  3 harpy skeletons
  12 raiju
  8 snapping turtles
  7 wind drakes
  2 slime creatures (shapeshifter)
  7 dream sheep
  4 ettin zombies
  62 slime creatures
  6 alligator zombies
  7 ettin skeletons
  4 fire dragon zombies
  15 large abominations
  A spriggan zombie (Depths:2)
  13 small abominations
  120 flying skulls
  6 ice dragon skeletons
  9 shadows
  3 redbacks
  A tarantella (shapeshifter) (Vaults:5)
  8 fire dragon skeletons
  3 alligator skeletons
  27 ynoxinuls
  An air elemental (Elf:2)
  A tarantella (Vaults:4)
  22 wraiths
  42 yaks
  20 water elementals
  7 ushabtiu
  3 vampires
  12 wyverns
  2 fire bats (Geh:1)
  2 yaks (shapeshifter)
  A dire elephant simulacrum (Hell)
  3 black mamba skeletons
  20 fire elementals
  7 basilisks
  11 golden eyes (Slime:5)
  20 chaos spawn
  6 vampire mosquitoes (D:12)
  10 neqoxecs
  A faun zombie (Crypt:2)
  A steam dragon (D:9)
  8 wargs
  An elf skeleton (Depths:2)
  7 cane toad zombies
  38 nagas
  An acid dragon (D:10)
  20 water moccasins
  Menkaure (D:5)
  A swamp worm (shapeshifter) (Gauntlet)
  A gelid demonspawn skeleton (Crypt:3)
  A hydra simulacrum (Coc:5)
  A torturous demonspawn zombie (Geh:7)
  2 floating eyes
  25 hell hounds
  33 orc warriors
  2 human skeletons
  A merfolk skeleton (Geh:1)
  A manticore zombie (Dis:7)
  A sky beast (shapeshifter) (Vaults:5)
  12 black bears
  A dream sheep zombie (Crypt:1)
  4 snapping turtle zombies
  2 cane toad skeletons
  3 swamp dragon zombies
  12 ice beasts
  A sky beast (D:6)
  An ettin simulacrum (Coc:7)
  An ogre (shapeshifter) (D:14)
  An ice dragon simulacrum (Hell)
  12 ogres
  11 centaurs
  13 necrophages
  8 wolves
  4 manticore skeletons
  2 phantoms
  2 swamp dragon skeletons
  A hog skeleton (Crypt:3)
  6 snapping turtle skeletons
  A kobold brigand (D:10)
  13 bullfrogs
  5 earth elementals
  3 scorpions
  A palentonga skeleton (Crypt:1)
  A cyclops zombie (Crypt:2)
  A water moccasin zombie (D:6)
  A cyclops skeleton (Crypt:2)
  A wyvern skeleton (D:7)
  A water moccasin skeleton (D:4)
  16 killer bees
  78 wights
  A yak skeleton (Crypt:2)
  4 electric eels
  3 howler monkeys (D:14)
  6 crimson imps
  2 centaur zombies (D:7)
  A bullfrog zombie (D:5)
  A human zombie (Crypt:2)
  3 lava snakes (Snake:2)
  A quasit (Abyss:3)
  A hound (D:6)
  10 iron imps
  4 jellies
  A black bear zombie (Crypt:3)
  16 orc priests
  3 centaur skeletons
  An iguana (D:4)
  43 orc wizards
  12 hell rats
  2 lightning spires (Abyss:3)
  A killer bee zombie (D:6)
  A centaur simulacrum (Crypt:3)
  A deep dwarf skeleton (Crypt:3)
  A dwarf skeleton (Crypt:3)
  A hound zombie (D:5)
  An ogre skeleton (Coc:6)
  A naga skeleton (Crypt:2)
  50 mummies
  14 gnolls
  2 howler monkey skeletons
  18 adders
  A steam dragon zombie (Crypt:3)
  A swamp drake zombie (Crypt:3)
  A swamp drake skeleton (Crypt:3)
  11 shadow imps
  14 white imps
  6 ufetubi
  A worm zombie (Crypt:1)
  3 worms
  3 dart slugs
  89 orcs
  3 bats
  8 endoplasms
  30 goblins
  25 hobgoblins
  7 jackals
  A quokka (D:1)
  6 ball pythons
  3 frilled lizards (D:2)
  8 kobolds
  2 kobold zombies
  A quokka skeleton (Crypt:1)
  7 rats
  A lurking horror (Abyss:3)
  5 starspawn tentacles
  5 tentacles
4232 creatures vanquished.

Vanquished Creatures (collateral kills)
  Antaeus (Coc:7)
  Gloorx Vloq (Pan)
  Ereshkigal (Tar:7)
  Lom Lobon (Pan)
  the Serpent of Hell (Coc:7)
  Mnoleg (Pan)
  Dispater (Dis:7)
  3 royal mummies
  2 caustic shrikes (Depths:2)
  3 pandemonium lords (Pan)
  An iron giant (Dis:7)
  2 Brimstone Fiends
  3 Ice Fiends (Coc:7)
  A tentacled monstrosity (Depths:4)
  Asterion (Snake:1)
  4 Hell Sentinels
  A lich (Tomb:2)
  An Executioner (Pan)
  A sphinx (Vaults:4)
  An ancient champion (Tomb:3)
  A warmonger (Pan)
  A revenant (Tomb:2)
  An iron dragon (Dis:7)
  3 balrugs (Pan)
  6 cacodemons
  2 vault wardens
  An ironbound preserver (Vaults:4)
  2 orc warlords
  3 reapers
  A blood saint (Pan)
  3 stone giants
  4 war gargoyles
  5 bennus
  A green death (Pan)
  6 mummy priests (Tomb:2)
  4 blizzard demons (Coc:7)
  A quicksilver dragon zombie (Geh:7)
  A yaktaur captain (Vaults:1)
  A peacekeeper (Vaults:2)
  2 ice dragons (Coc:7)
  2 vault guards
  A hell beast (Dis:7)
  2 ironbound frosthearts
  A naga warrior (Snake:3)
  A centaur warrior (D:12)
  2 two-headed ogres (D:12)
  An anaconda (Snake:3)
  22 death scarabs
  A hell hog (Dis:7)
  A dancing weapon (Elf:1)
  A soul eater (Pan)
  A storm dragon zombie (Tomb:2)
  A titan skeleton (Coc:7)
  7 sun demons (Pan)
  A shadow wraith (Pan)
  3 skeletal warriors
  An infernal demonspawn (Pan)
  A shadow demon (Tar:7)
  2 naga ritualists
  A bog body (Coc:7)
  A wizard (Vaults:4)
  A mana viper (Snake:4)
  A frost giant zombie (Dis:7)
  A manticore (D:12)
  2 cyclopes
  3 rust devils (Dis:7)
  2 molten gargoyles (Volcano)
  2 naga magi (Snake:3)
  A guardian serpent (Snake:3)
  4 orange demons (Pan)
  5 black mambas
  A vault sentinel (Vaults:4)
  2 hellions
  6 yaktaurs
  7 ice devils (Coc:7)
  A tormentor (Geh:7)
  A minotaur skeleton (Tomb:2)
  2 hellwings (Pan)
  10 guardian mummies
  A hydra zombie (Coc:7)
  A red devil (Pan)
  An ettin zombie (Dis:7)
  5 ynoxinuls (Pan)
  A wraith (Dis:7)
  13 flying skulls
  4 ushabtiu (Tomb:2)
  A basilisk (D:12)
  2 nagas (Snake:3)
  8 neqoxecs (Pan)
  3 chaos spawn (Pan)
  3 wargs (Orc:2)
  A cane toad zombie (Coc:7)
  A large abomination (Pan)
  5 orc warriors
  An ogre (Slime:5)
  A crimson imp (Geh:7)
  2 orc priests (Orc:2)
  A centaur zombie (Tomb:2)
  A gnoll shaman (D:9)
  An iron imp (Dis:7)
  An orc wizard (D:9)
  15 mummies
  A gnoll (D:9)
  A white imp (Coc:7)
  6 orcs
267 creatures vanquished.

Vanquished Creatures (others)
  Nikola (Depths:2)
  A tentacled monstrosity (Vaults:5)
  A death cob (Zot:4)
  An eldritch tentacle (Pan)
  A storm dragon (Zot:2)
  A warmonger (Pan)
  2 elemental wellsprings
  A stone giant (Depths:2)
  A green draconian (Zot:4)
  A naga warrior (Snake:2)
  An anaconda (Snake:4)
  A merfolk avatar (Shoals:4)
  A hell hog (Depths:5)
  A bog body (Coc:7)
  2 wizards
  3 black mambas
  A fire dragon zombie (Dis:7)
  A flying skull (Coc:7)
  A fire elemental (Geh:1)
  A swamp drake (D:9)
  A wight (Dis:4)
  An orc wizard (Orc:2)
  A white imp (Coc:7)
  10 ball lightnings (Pan)
  24 bushes
  72 fungi
  204 plants
  22 starspawn tentacles
  20 tentacles
  6 withered plants (D:15)
385 creatures vanquished.

Grand Total: 4884 creatures vanquished

Notes
Turn   | Place    | Note
-------+----------+-------------------------------------------
     0 | D:1      | magipi the Gargoyle Berserker began the quest for the Orb.
     0 | D:1      | Reached XP level 1. HP: 14/14 MP: 1/1
   411 | D:1      | Reached XP level 2. HP: 19/19 MP: 2/2
   800 | D:1      | Reached XP level 3. HP: 16/23 MP: 3/3
  1215 | D:2      | Found Cown's Magic Scroll Shop.
  1267 | D:2      | Bought a scroll of identify for 22 gold pieces
  1267 | D:2      | Bought a scroll of teleportation for 33 gold pieces
  1309 | D:2      | Found Tauvum's Distillery.
  1335 | D:2      | Reached ** piety under Trog
  1357 | D:2      | Reached skill level 1 in Throwing
  1366 | D:2      | Noticed an ice beast
  1380 | D:2      | Killed an ice beast
  1381 | D:2      | Reached XP level 4. HP: 28/28 MP: 4/4
  1381 | D:2      | Reached XP level 5. HP: 32/32 MP: 5/5
  1644 | D:2      | Found Uvvet's Book Emporium.
  2116 | D:3      | Found a burning altar of Makhleb.
  2121 | D:3      | Found a shimmering blue altar of Sif Muna.
  2121 | D:3      | Found a snail-covered altar of Cheibriados.
  2122 | D:3      | Found a glowing golden altar of the Shining One.
  2123 | D:3      | Found an opulent altar of Gozag.
  2123 | D:3      | Found an ornate altar of the Wu Jian Council.
  2123 | D:3      | Found a shimmering altar of Xom.
  2124 | D:3      | Found a stormy altar of Qazlal.
  2256 | D:3      | Reached skill level 5 in Polearms
  2262 | D:3      | Found a faded altar of an unknown god.
  2413 | D:4      | Reached XP level 6. HP: 37/37 MP: 6/6
  2844 | D:4      | Found an iron altar of Okawaru.
  2862 | D:4      | Reached XP level 7. HP: 40/41 MP: 7/7
  3359 | D:4      | Reached *** piety under Trog
  3989 | D:5      | Entered Level 5 of the Dungeon
  4507 | D:5      | Noticed Menkaure
  4523 | D:5      | Killed Menkaure
  4524 | D:5      | Reached skill level 1 in Axes
  4524 | D:5      | Reached XP level 8. HP: 26/48 MP: 8/8
  5332 | D:6      | Found an ancient bone altar of Kikubaaqudgha.
  5485 | D:6      | Found a staircase to the Ecumenical Temple.
  5494 | Temple   | Entered the Ecumenical Temple
  5593 | D:6      | Reached skill level 5 in Fighting
  6032 | D:6      | Found a sacrificial altar of Ru.
  6240 | D:6      | Reached XP level 9. HP: 54/54 MP: 9/9
  6434 | D:7      | Noticed jasper's ghost (novice DjTm)
  6435 | D:7      | Noticed a centaur warrior
  6444 | D:7      | Found a runed translucent gate.
  6444 | D:7      | Found a runed translucent gate.
  6444 | D:7      | Found a runed translucent gate.
  6529 | D:7      | Reached skill level 5 in Armour
  6551 | D:6      | Reached skill level 1 in Evocations
  6687 | D:7      | Reached skill level 5 in Throwing
  6982 | D:7      | Reached **** piety under Trog
  7127 | D:7      | Found a hide-covered altar of Uskayaw.
  7823 | D:8      | Noticed a komodo dragon
  7856 | D:8      | Killed a komodo dragon
  7924 | D:8      | Found Umimiqao's Book Shop.
  8015 | D:8      | Found a staircase to the Lair.
  8065 | D:8      | Reached XP level 10. HP: 58/61 MP: 10/10
  8451 | D:9      | Noticed Erolcha
  8465 | D:9      | Killed Erolcha
  9015 | D:9      | Found a staircase to the Orcish Mines.
  9327 | D:10     | Entered Level 10 of the Dungeon
  9392 | D:10     | Reached skill level 5 in Dodging
  9467 | D:10     | Found a flagged portal.
  9548 | Bailey   | Entered a bailey
  9855 | Bailey   | Reached ***** piety under Trog
 10115 | Bailey   | Noticed an orc warlord
 10133 | Bailey   | Killed an orc warlord
 10134 | Bailey   | Reached XP level 11. HP: 67/68 MP: 11/11
 10158 | Bailey   | Identified the +6 hand axe of Eternal Harmony {vorpal, rC+
                  | SInv}
 10240 | Bailey   | Reached XP level 12. HP: 73/73 MP: 12/12
 10600 | D:10     | Found a broken altar of Ashenzari.
 10603 | D:10     | Found a radiant altar of Vehumet.
 10607 | D:10     | Found a hazy altar of Hepliaklqana.
 10615 | D:10     | Found a basalt altar of Yredelemnul.
 10720 | D:10     | Noticed a two-headed ogre
 10722 | D:10     | Killed a two-headed ogre
 11477 | D:11     | Identified the +8 glaive "Jymimm" {antimagic, Contam rF+
                  | Will+} (Trog gifted it to you on level 11 of the Dungeon)
 11477 | D:11     | Received a gift from Trog
 11937 | D:11     | Identified a scroll of acquirement
 11948 | D:11     | Found a blossoming altar of Fedhas.
 12021 | D:11     | Noticed a two-headed ogre
 12026 | D:11     | Killed a two-headed ogre
 12044 | D:11     | Acquired a manual of Dodging
 12426 | D:12     | Reached skill level 10 in Evocations
 13053 | D:12     | Noticed a four-headed hydra
 13072 | D:12     | Killed a four-headed hydra
 13073 | D:12     | Reached XP level 13. HP: 80/80 MP: 13/13
 13156 | D:12     | Identified the +1 scythe "Onifiaz" {vorpal, rElec rC+ rN+
                  | Dex-4}
 13443 | D:12     | Noticed a yaktaur captain
 13510 | D:12     | Killed a yaktaur captain
 14118 | D:12     | Noticed a fire dragon
 14332 | D:12     | Killed a fire dragon
 14731 | D:12     | Noticed Rupert
 14743 | D:12     | Killed Rupert
 14798 | D:12     | Identified the Guide on Unholy Rites and Summoning
 15056 | Lair:1   | Entered Level 1 of the Lair of Beasts
 15087 | Lair:1   | Reached skill level 1 in Shields
 15107 | D:8      | Reached skill level 10 in Fighting
 15299 | Lair:1   | Found a dark tunnel.
 15327 | Volcano  | Entered a volcano
 15921 | Volcano  | Reached skill level 10 in Armour
 15926 | Volcano  | Gained mutation: Your large and strong wings let you fly.
                  | [Gargoyle growth]
 15926 | Volcano  | Reached XP level 14. HP: 87/88 MP: 14/14
 16011 | Lair:1   | Reached skill level 10 in Polearms
 16928 | Lair:2   | Found a staircase to the Shoals.
 17829 | Lair:2   | Reached skill level 10 in Dodging
 18639 | Lair:3   | Found a staircase to the Snake Pit.
 18919 | Lair:3   | Identified the +7 hand axe "Noesut" {vorpal, Dex+3} (Trog
                  | gifted it to you on level 3 of the Lair of Beasts)
 18919 | Lair:3   | Received a gift from Trog
 19039 | Lair:3   | Reached skill level 10 in Throwing
 20094 | Lair:4   | Identified the +1 scale mail of Hopscotch {+Inv rF- rC+
                  | rN+++}
 20773 | Lair:5   | Reached XP level 15. HP: 79/93 MP: 15/15
 21357 | Lair:5   | Received a gift from Trog
 21736 | Lair:6   | Entered Level 6 of the Lair of Beasts
 23017 | Lair:6   | Found a viscous altar of Jiyva.
 23017 | Lair:6   | Found a staircase to the Slime Pits.
 23672 | Orc:1    | Entered Level 1 of the Orcish Mines
 23768 | Orc:1    | Noticed an orc warlord
 23769 | Orc:1    | Received a gift from Trog
 23818 | D:9      | Killed an orc warlord
 23933 | Orc:1    | Noticed Urug
 23985 | Orc:1    | Killed Urug
 24383 | Orc:2    | Entered Level 2 of the Orcish Mines
 24383 | Orc:2    | Found a staircase to the Elven Halls.
 24702 | Orc:2    | Noticed an orc warlord
 24720 | Orc:2    | Killed an orc warlord
 24987 | Orc:2    | Found Zycheblu's Armour Boutique.
 25012 | Orc:2    | Received a gift from Trog
 25069 | Orc:2    | Found Kolow's Assorted Antiques.
 25085 | Orc:2    | Bought a scroll of fog for 62 gold pieces
 25085 | Orc:2    | Bought a scroll of teleportation for 93 gold pieces
 25085 | Orc:2    | Bought a wand of iceblast (8) for 124 gold pieces
 25107 | Orc:2    | Bought a +2 kite shield for 214 gold pieces
 25301 | Orc:2    | Found Wiamett's Distillery.
 25321 | Orc:2    | Reached XP level 16. HP: 100/100 MP: 16/16
 25325 | Orc:2    | Found Kyuhen's Antique Weapon Emporium.
 25356 | Orc:2    | Bought a potion of attraction for 42 gold pieces
 25356 | Orc:2    | Bought a potion of heal wounds for 70 gold pieces
 25356 | Orc:2    | Bought a potion of might for 56 gold pieces
 25356 | Orc:2    | Bought a potion of curing for 42 gold pieces
 25356 | Orc:2    | Bought a potion of curing for 42 gold pieces
 25786 | D:13     | Found a gate leading to a gauntlet.
 25799 | Gauntlet | Entered a Gauntlet
 25799 | Gauntlet | Found a transporter.
 25807 | Gauntlet | Found a transporter.
 25809 | Gauntlet | Found a transporter.
 25819 | Gauntlet | Found a transporter.
 25827 | Gauntlet | Found a transporter.
 25845 | Gauntlet | Found a transporter.
 25852 | Gauntlet | Found a transporter.
 25854 | Gauntlet | Found a transporter.
 25868 | Gauntlet | Found a transporter.
 25878 | Gauntlet | Found a transporter.
 25893 | Gauntlet | Found a transporter.
 25907 | Gauntlet | Found a transporter.
 25963 | Gauntlet | Found a transporter.
 25965 | Gauntlet | Found a transporter.
 26053 | Gauntlet | Reached skill level 5 in Shields
 26057 | Gauntlet | Identified the ring "Rakiedef" {*Corrode rF+ MP+9 Str+6}
 26702 | D:13     | Found a runed translucent door.
 26712 | D:13     | Noticed a lich
 26713 | D:13     | Noticed MikuNakano's ghost (journeyman VSBe)
 26715 | D:13     | Found a runed translucent door.
 27411 | D:14     | Received a gift from Trog
 28085 | D:14     | Found a gate to the Vaults.
 28356 | D:15     | Entered Level 15 of the Dungeon
 28357 | D:15     | Reached skill level 10 in Shields
 28357 | D:15     | Reached XP level 17. HP: 104/104 MP: 17/17
 29122 | D:15     | Found a staircase to the Depths.
 29586 | Snake:1  | Entered Level 1 of the Snake Pit
 29637 | Snake:1  | Noticed Asterion
 29650 | Snake:1  | Killed Asterion
 30001 | Snake:1  | Noticed Aizul
 30040 | Snake:1  | Killed Aizul
 30727 | Snake:1  | Received a gift from Trog
 30737 | Snake:1  | Found Woazyl's Jewellery Shop.
 30737 | Snake:1  | Found Kyojuody's Assorted Antiques.
 30738 | Snake:1  | Found Ogroll's Antique Armour Shop.
 30740 | Snake:1  | Found Dovoly's Assorted Antiques.
 30757 | Snake:1  | Bought a scroll labelled ARYHON OFIUTE for 35 gold pieces
 30757 | Snake:1  | Bought an encrusted bronze ring for 175 gold pieces
 31137 | Snake:1  | Reached XP level 18. HP: 110/110 MP: 18/18
 31482 | Snake:1  | Bought the amulet of Ihaycuh {Spirit rC++} for 763 gold
                  | pieces
 31500 | Snake:1  | Bought a pair of gloves for 184 gold pieces
 33782 | Snake:3  | Found a runed translucent door.
 34132 | Shoals:1 | Entered Level 1 of the Shoals
 34411 | Shoals:1 | Received a gift from Trog
 34646 | Shoals:1 | Found a gateway to a bazaar.
 35583 | Shoals:2 | Reached XP level 19. HP: 81/116 MP: 15/19
 35951 | Shoals:2 | Reached ****** piety under Trog
 35951 | Shoals:2 | Received a gift from Trog
 36089 | Shoals:3 | Reached skill level 15 in Shields
 36768 | Shoals:4 | Entered Level 4 of the Shoals
 37686 | Shoals:4 | Identified the +4 chain mail "Nuadufrogh" {rF+ rC+}
 37922 | Shoals:4 | Identified Sif Muna's Catalogue of Destructive
                  | Weightlessness
 38172 | Shoals:4 | Identified the +4 scythe of Giem {drain, rF+ Str+3 Int+4}
 38313 | Shoals:4 | Identified the ring of Jotif {Fire rCorr Str+3 SInv}
 38610 | Shoals:4 | Got a barnacled rune of Zot
 38946 | Shoals:4 | Received a gift from Trog
 39277 | Snake:4  | Entered Level 4 of the Snake Pit
 40190 | Snake:4  | Reached XP level 20. HP: 99/126 MP: 20/20
 40854 | Snake:4  | Received a gift from Trog
 41385 | Snake:4  | Got a serpentine rune of Zot
 41744 | Elf:1    | Entered Level 1 of the Elven Halls
 41940 | Elf:1    | Identified the +5 demon blade of Trog's Reproof {flame,
                  | rF+} (Trog gifted it to you on level 1 of the Elven Halls)
 41940 | Elf:1    | Received a gift from Trog
 42397 | Elf:1    | Found a radiant altar of Vehumet.
 42470 | Elf:1    | Identified Itwa's Compendium of the Escort
 42809 | Elf:2    | Noticed Saint Roka
 42958 | Elf:1    | Killed Saint Roka
 43175 | Elf:2    | Acquired 652 gold pieces
 43278 | Elf:2    | Received a gift from Trog
 43280 | Elf:2    | Found a runed translucent gate.
 43282 | Elf:2    | Found a runed translucent gate.
 43283 | Elf:2    | Found a runed translucent gate.
 43417 | Elf:2    | Acquired the +8 lance "Wyrmbane" {slay drac, rPois rF+ rC+
                  | AC+3}
 43418 | Elf:2    | Found the +8 lance "Wyrmbane" {slay drac, rPois rF+ rC+
                  | AC+3}
 43733 | Elf:3    | Entered Level 3 of the Elven Halls
 43733 | Elf:3    | Found Sar Jyiwil's Antique Armour Shoppe.
 43808 | Elf:3    | Bought a glowing hat for 238 gold pieces
 44164 | Elf:3    | Reached XP level 21. HP: 102/132 MP: 17/21
 45193 | Elf:3    | Received a gift from Trog
 45595 | Elf:3    | Reached skill level 15 in Throwing
 45595 | Elf:3    | Reached skill level 15 in Evocations
 45798 | Elf:3    | Identified the +2 war axe of the Enchanted Forest {flame,
                  | rElec rPois MP-9 Dex+7}
 45885 | Elf:3    | Identified the +8 great sword "Xitut" {freeze, rC+}
 45991 | Elf:3    | Identified the +9 hand axe "Grim" {vorpal, rPois rC+ Int+7}
 45993 | Elf:3    | Identified the +1 robe of the Ward {rPois rF++ rC- rCorr}
 46049 | Elf:3    | Identified the Incunabulum of Envenoming and Stones
 46050 | Elf:3    | Found the -2 hat of the Alchemist {rElec rPois rF+ rC+ rN+
                  | Will+ rMut rCorr}
 46085 | Elf:3    | Identified the +6 hand crossbow of Fedhas's Displeasure
                  | {venom, rF- rN+++ Int+3 Stlth+}
 46154 | Elf:3    | Identified A Primer on Wizardry
 46585 | Elf:3    | Found Sar Jyiwil's Antique Armour Shoppe.
 46916 | Elf:3    | Identified the +2 pair of gloves "Wamoatz" {Rampage rF+
                  | Int+4}
 47382 | D:13     | Upgraded the game from 0.27-a0-1147-gb3d8e82157 to
                  | 0.27-a0-1149-g4505690ab0
 47433 | Vaults:1 | Entered Level 1 of the Vaults
 47519 | Vaults:1 | Found Mitrudw Sura's Weapon Emporium.
 47561 | Vaults:1 | Found Haetuv's Antique Weapon Emporium.
 47684 | Vaults:1 | Received a gift from Trog
 48137 | Vaults:1 | Found Xagaah's Magic Scroll Boutique.
 48178 | Vaults:1 | Reached XP level 22. HP: 119/137 MP: 19/22
 48320 | Vaults:1 | Found Qeomu's Magic Scroll Emporium.
 48328 | Vaults:1 | Bought a scroll of blinking for 105 gold pieces
 48962 | Vaults:1 | Acquired 631 gold pieces
 49231 | Vaults:1 | Found Xaotasso's Magic Scroll Shop.
 49624 | Bazaar   | Entered a bazaar
 49625 | Bazaar   | Found Zeewnyr's Armour Boutique.
 49626 | Bazaar   | Found Yzucvuin's Assorted Antiques.
 49660 | Bazaar   | Found Hige's Armour Emporium.
 49672 | Bazaar   | Found Nahunyum's Jewellery Emporium.
 49676 | Bazaar   | Found Zysi's Jewellery Shoppe.
 49701 | Bazaar   | Bought the +1 cloak of Starlight {*Dazzle EV+4 Stlth--} for
                  | 305 gold pieces
 49701 | Bazaar   | Found the +1 cloak of Starlight {*Dazzle EV+4 Stlth--}
 49725 | Bazaar   | Bought an embroidered hat for 231 gold pieces
 49725 | Bazaar   | Bought a potion of might for 132 gold pieces
 49725 | Bazaar   | Bought a scroll of identify for 66 gold pieces
 49725 | Bazaar   | Bought a scroll of identify for 66 gold pieces
 49725 | Bazaar   | Bought a scroll of fog for 66 gold pieces
 50193 | Vaults:2 | Received a gift from Trog
 50464 | Vaults:2 | Found a staircase to the Crypt.
 50464 | Vaults:2 | Found an ancient bone altar of Kikubaaqudgha.
 50464 | Vaults:2 | Found a basalt altar of Yredelemnul.
 51380 | Vaults:2 | Received a gift from Trog
 51381 | Vaults:2 | Reached skill level 15 in Fighting
 52249 | Vaults:1 | Bought 3 scrolls of acquirement for 2028 gold pieces
 52252 | Vaults:1 | Acquired 865 gold pieces
 52256 | Vaults:1 | Acquired 609 gold pieces
 52260 | Vaults:1 | Acquired 361 gold pieces
 52604 | Vaults:3 | Found Musen's General Store.
 52612 | Vaults:3 | Bought a potion of curing for 36 gold pieces
 52612 | Vaults:3 | Bought a potion of resistance for 120 gold pieces
 52612 | Vaults:3 | Bought a scroll of blinking for 90 gold pieces
 52612 | Vaults:3 | Bought a scroll of teleportation for 36 gold pieces
 52612 | Vaults:3 | Bought a scroll of magic mapping for 42 gold pieces
 52780 | Vaults:3 | Identified the +5 whip of Ysaugg {vorpal, +Blink rElec
                  | SInv}
 52963 | Vaults:3 | Found a runed translucent door.
 52963 | Vaults:3 | Noticed Leidydirph's ghost (adept MiGl)
 53493 | Vaults:4 | Reached skill level 15 in Dodging
 53529 | Vaults:4 | Identified the +11 trident of Uplen {vorpal, *Noise rPois
                  | rF+ rC+} (Trog gifted it to you on level 4 of the Vaults)
 53529 | Vaults:4 | Received a gift from Trog
 53735 | Vaults:4 | Reached XP level 23. HP: 144/144 MP: 23/23
 54204 | Vaults:4 | Received a gift from Trog
 55236 | Depths:1 | Entered Level 1 of the Depths
 55435 | Depths:1 | Reached skill level 15 in Armour
 55839 | Depths:1 | Received a gift from Trog
 56045 | Depths:1 | Acquired 1252 gold pieces
 56118 | Depths:1 | Found a gateway to Hell.
 56526 | Depths:2 | Identified the +5 broad axe of the Yoke {vorpal, Will+
                  | Str+4 Dex+4}
 56952 | Depths:2 | Noticed a caustic shrike
 56952 | Depths:2 | Noticed a caustic shrike
 56952 | Depths:2 | Noticed a caustic shrike
 56952 | Depths:2 | Noticed a caustic shrike
 56956 | Depths:2 | Noticed a caustic shrike
 56964 | Depths:2 | Killed a caustic shrike
 56967 | Depths:2 | Killed a caustic shrike
 56970 | Depths:2 | Killed a caustic shrike
 56991 | Depths:2 | Killed a caustic shrike
 56993 | Depths:2 | Killed a caustic shrike
 56993 | Depths:2 | Received a gift from Trog
 56994 | Depths:2 | Reached XP level 24. HP: 89/150 MP: 12/23
 58178 | Depths:2 | Noticed Nikola
 58196 | Depths:2 | Killed Nikola
 58414 | Depths:2 | Found a gateway to a ziggurat.
 58635 | Depths:2 | Found a one-way gate to the infinite horrors of the Abyss.
 58665 | Depths:2 | Identified the +1 long sword "Impslayer" {drain, Will-
                  | rCorr Str+5}
 58750 | Depths:2 | Identified the +8 glaive of Coqurut {antimagic, rPois}
                  | (Trog gifted it to you on level 2 of the Depths)
 58750 | Depths:2 | Received a gift from Trog
 59230 | Depths:3 | Found a burning altar of Makhleb.
 59354 | Depths:3 | Noticed a caustic shrike
 59364 | Depths:3 | Killed a caustic shrike
 59621 | Depths:3 | Identified the +2 ring mail of Etusch {rCorr}
 59824 | Depths:3 | Found a portal to a secret trove of treasure.
 60036 | Depths:3 | Found a one-way gate leading to the halls of Pandemonium.
 61096 | Depths:4 | Noticed Mennas
 61156 | Depths:3 | Killed Mennas
 61157 | Depths:3 | Reached XP level 25. HP: 110/158 MP: 16/23
 61314 | Depths:4 | Received a gift from Trog
 61836 | Depths:4 | Acquired 664 gold pieces
 61935 | Depths:4 | Found a large runed translucent door.
 61937 | Depths:4 | Found a large runed translucent door.
 61939 | Depths:4 | Found a large runed translucent door.
 61940 | Depths:4 | Found a large runed translucent door.
 61952 | Depths:4 | Found a large runed translucent door.
 61952 | Depths:4 | Found a large runed translucent door.
 62057 | Depths:4 | Found a large runed translucent door.
 62061 | Depths:4 | Found a large runed translucent door.
 62370 | Depths:4 | Identified Biekkon's Volume of the Excruciating Frostbite
 62441 | Depths:5 | Entered Level 5 of the Depths
 62764 | Depths:5 | Noticed a juggernaut
 62792 | Depths:5 | Killed a juggernaut
 62966 | Depths:5 | Found Geam's Jewellery Boutique.
 63076 | Depths:5 | Noticed a juggernaut
 63084 | Depths:5 | Received a gift from Trog
 63095 | Depths:5 | Killed a juggernaut
 63730 | Depths:5 | Noticed a juggernaut
 63755 | Depths:5 | Killed a juggernaut
 64155 | Depths:5 | Found a gate to the Realm of Zot.
 64654 | D:3      | Fell from the grace of Trog
 64654 | D:3      | Became a worshipper of the Shining One
 65076 | Crypt:1  | Entered Level 1 of the Crypt
 65106 | Vaults:2 | Reached * piety under the Shining One
 65129 | Crypt:1  | Reached XP level 26. HP: 164/167 MP: 22/23
 65346 | Crypt:1  | Reached ** piety under the Shining One
 65347 | Crypt:1  | Reached skill level 1 in Invocations
 65433 | Crypt:1  | Noticed Margery
 65475 | Crypt:1  | Killed Margery
 65650 | Crypt:1  | Reached skill level 5 in Invocations
 65712 | Crypt:1  | Reached *** piety under the Shining One
 65713 | Crypt:1  | Noticed an ancient lich
 65715 | Crypt:1  | Noticed Boris
 65808 | Crypt:1  | Found a shimmering blue altar of Sif Muna.
 65812 | Crypt:1  | Found a transporter.
 65889 | Crypt:1  | Reached **** piety under the Shining One
 66385 | D:2      | Bought a book of Callings for 360 gold pieces
 66387 | D:2      | Bought a book of Cantrips for 240 gold pieces
 66392 | D:2      | Learned a level 1 spell: Apportation
 66395 | D:2      | Learned a level 2 spell: Blink
 67187 | Crypt:1  | Found an ancient bone altar of Kikubaaqudgha.
 67269 | Crypt:2  | Reached skill level 1 in Spellcasting
 67269 | Crypt:2  | Reached skill level 1 in Translocations
 67348 | Crypt:2  | Reached ***** piety under the Shining One
 67623 | Crypt:2  | Reached ****** piety under the Shining One
 67743 | Crypt:2  | Identified a +9 trishula of holy wrath (a +8 vorpal demon
                  | trident blessed by the Shining One)
 67743 | Crypt:2  | Received a gift from the Shining One
 67754 | Crypt:2  | Identified the ring "Sydghis" {*Slow rPois rCorr Int+8}
 68128 | Crypt:2  | Reached skill level 5 in Spellcasting
 68128 | Crypt:2  | Reached skill level 5 in Translocations
 68440 | Crypt:3  | Entered Level 3 of the Crypt
 68440 | Crypt:3  | Found a staircase to the Tomb.
 69108 | Crypt:3  | Found a basalt altar of Yredelemnul.
 69284 | Crypt:3  | Noticed a royal mummy
 69302 | Crypt:3  | Killed a royal mummy
 69344 | Crypt:3  | Identified the +7 hunting sling of Gablau {speed, rElec
                  | rF++ rN+++ Str-4}
 69964 | Crypt:3  | Reached XP level 27. HP: 169/172 MP: 32/35
 70942 | D:2      | Bought a potion of curing for 33 gold pieces
 70942 | D:2      | Bought a potion of curing for 33 gold pieces
 70942 | D:2      | Bought a potion of haste for 110 gold pieces
 70942 | D:2      | Bought a potion of curing for 33 gold pieces
 70942 | D:2      | Bought a potion of resistance for 110 gold pieces
 70942 | D:2      | Bought a potion of might for 44 gold pieces
 70942 | D:2      | Bought a potion of ambrosia for 88 gold pieces
 71279 | Snake:1  | Bought a potion of curing for 123 gold pieces
 71279 | Snake:1  | Bought a potion of curing for 123 gold pieces
 71279 | Snake:1  | Bought a scroll of teleportation for 123 gold pieces
 71279 | Snake:1  | Bought a scroll of identify for 82 gold pieces
 71279 | Snake:1  | Bought a wand of digging (7) for 328 gold pieces
 71636 | Depths:3 | You paid a toll of 17 potions of curing to enter a treasure
                  | trove
 71637 | Trove    | Entered a treasure trove
 71657 | Trove    | Identified Sif Muna's Handbook of Unstable Black Arts
 71683 | Trove    | Identified Sif Muna's Grimoire of Excruciating Heat
 72043 | D:7      | Killed jasper's ghost
 72190 | D:13     | Upgraded the game from 0.27-a0-1149-g4505690ab0 to
                  | 0.27-a0-1154-gfdeffcb720
 72309 | Vaults:1 | Bought a scroll of identify for 28 gold pieces
 72309 | Vaults:1 | Bought a scroll of immolation for 49 gold pieces
 72309 | Vaults:1 | Bought a scroll of identify for 28 gold pieces
 72309 | Vaults:1 | Bought a scroll of magic mapping for 49 gold pieces
 72309 | Vaults:1 | Bought a scroll of magic mapping for 49 gold pieces
 72309 | Vaults:1 | Bought a scroll of magic mapping for 49 gold pieces
 72309 | Vaults:1 | Bought a scroll of identify for 28 gold pieces
 72431 | Vaults:3 | Killed Leidydirph's ghost
 72828 | Slime:1  | Entered Level 1 of the Pits of Slime
 72972 | Slime:5  | Entered Level 5 of the Pits of Slime
 73090 | Slime:5  | Found a viscous altar of Jiyva.
 73090 | Slime:5  | Noticed the Royal Jelly
 73130 | Slime:5  | Killed the Royal Jelly
 73776 | Slime:5  | Reached skill level 10 in Spellcasting
 73776 | Slime:5  | Reached skill level 10 in Translocations
 73845 | Slime:5  | Found the +4 dagger "Morg" {pain, Will+ Int+5}
 73847 | Slime:5  | Found the +7 Spriggan's Knife {stab, EV+4 Stlth+}
 73850 | Slime:5  | Identified the Collected Works on Ashen Air
 73865 | Slime:5  | Identified the +3 ring mail "Aseah" {rElec rF+++ Int-5
                  | Slay-3}
 73879 | Slime:5  | Identified the ring "Mathrimn" {Int+3 Dex+6}
 73887 | Slime:5  | Identified the Grimoire of Vitriolic Cold
 73901 | Slime:5  | Identified the +0 lajatang "Agabujac" {holy, rF- Will+
                  | Dex+2}
 73914 | Slime:5  | Got a slimy rune of Zot
 74664 | Hell     | Entered the Vestibule of Hell
 74664 | Hell     | Noticed Geryon
 74889 | Hell     | Killed Geryon
 75059 | Hell     | Found a gateway to the ashen valley of Gehenna.
 75294 | Hell     | Found a gateway to the decaying netherworld of Tartarus.
 75453 | Hell     | Found a gateway to the freezing wastes of Cocytus.
 75544 | Hell     | Found a gateway to the Iron City of Dis.
 75966 | Vaults:4 | Reached skill level 10 in Invocations
 75974 | Vaults:5 | Entered Level 5 of the Vaults
 76010 | Vaults:5 | Noticed a dread lich
 76106 | Vaults:4 | Killed a dread lich
 78463 | Vaults:4 | Paralysed by Trog for 6 turns
 78686 | Vaults:5 | Got a silver rune of Zot
 79051 | Vaults:5 | Noticed an ancient lich
 79068 | Vaults:5 | Killed an ancient lich
 79363 | Vaults:5 | Reached skill level 15 in Invocations
 79447 | Vaults:5 | Identified the +6 chain mail of Asceticism {rPois rF- Int+9
                  | Dex+8}
 79449 | Vaults:5 | Identified Kunaixze's Tome of Unstable Execration
 79503 | Vaults:5 | Was forgiven by Trog
 79653 | Vaults:5 | Identified the +5 robe "Fouxim" {Harm}
 80088 | Vaults:5 | Identified the +2 scythe of the Protecting Queen {drain,
                  | Stlth+}
 80156 | Vaults:5 | Identified the +5 ring mail of Egalitarianism {Rampage
                  | Str+9 Dex-4 Stlth-}
 80172 | Vaults:5 | Identified the +5 scale mail of Rationality {rElec Str+4
                  | Dex+5 Slay-2}
 80177 | Vaults:5 | Identified the ring of Fuataiv {EV+4 Int-5 Dex+5}
 80180 | Vaults:5 | Identified the Papyrus of the Supportive Mountains
 80197 | Vaults:5 | Identified the +9 battleaxe "Kohu" {vorpal, rF+}
 81665 | Zot:1    | Entered Level 1 of the Realm of Zot
 81768 | Zot:1    | Found Abaser's Changing Room.
 82215 | Vaults:1 | Bought a scroll of identify for 28 gold pieces
 82215 | Vaults:1 | Bought a scroll of fear for 49 gold pieces
 82215 | Vaults:1 | Bought a scroll of enchant armour for 105 gold pieces
 82215 | Vaults:1 | Bought a scroll of identify for 28 gold pieces
 82215 | Vaults:1 | Bought a scroll of identify for 28 gold pieces
 82215 | Vaults:1 | Bought a scroll of identify for 28 gold pieces
 82244 | Vaults:1 | Bought a scroll of fear for 45 gold pieces
 82244 | Vaults:1 | Bought a scroll of fear for 45 gold pieces
 82244 | Vaults:1 | Bought a scroll of identify for 26 gold pieces
 82244 | Vaults:1 | Bought a scroll of holy word for 97 gold pieces
 82244 | Vaults:1 | Bought a scroll of teleportation for 39 gold pieces
 82244 | Vaults:1 | Bought a scroll of teleportation for 39 gold pieces
 82244 | Vaults:1 | Bought a scroll of magic mapping for 45 gold pieces
 82244 | Vaults:1 | Bought a scroll of magic mapping for 45 gold pieces
 82244 | Vaults:1 | Bought a scroll of enchant armour for 97 gold pieces
 82244 | Vaults:1 | Bought a scroll of identify for 26 gold pieces
 82522 | D:2      | Bought a scroll of identify for 22 gold pieces
 82522 | D:2      | Bought a scroll of teleportation for 33 gold pieces
 82522 | D:2      | Bought a scroll of identify for 22 gold pieces
 82522 | D:2      | Bought a scroll of magic mapping for 38 gold pieces
 82837 | Orc:2    | Bought a potion of haste for 310 gold pieces
 82837 | Orc:2    | Bought 2 potions of magic for 496 gold pieces
 82837 | Orc:2    | Bought a scroll of identify for 62 gold pieces
 82869 | Orc:2    | Bought a potion of magic for 112 gold pieces
 82869 | Orc:2    | Bought a potion of mutation for 112 gold pieces
 85911 | Zot:2    | Upgraded the game from 0.27-a0-1154-gfdeffcb720 to
                  | 0.27-a0-1158-gaa87e14f67
 85982 | Zot:3    | Noticed an orb of fire
 86006 | Zot:2    | Killed an orb of fire
 87300 | Zot:4    | Identified the +5 ring mail "Narph" {rF+ Dex+2}
 87505 | Zot:4    | Noticed an orb of fire
 87523 | Zot:4    | Gained mutation: Your flesh is cold resistant. (rC+) [an
                  | orb of fire]
 87535 | Zot:4    | Killed an orb of fire
 88080 | Coc:1    | Entered Level 1 of Cocytus
 88709 | Coc:7    | Entered Level 7 of Cocytus
 89440 | Coc:7    | Noticed the Serpent of Hell
 89462 | Coc:7    | Killed the Serpent of Hell
 89706 | Coc:7    | Noticed Antaeus
 89732 | Coc:7    | Killed Antaeus
 89767 | Coc:7    | Identified the +0 fustibalus "Wefyckock" {flame, Contam Fly
                  | rCorr}
 89931 | Coc:7    | Got an icy rune of Zot
 90044 | Tar:1    | Entered Level 1 of Tartarus
 90756 | Tar:7    | Entered Level 7 of Tartarus
 90954 | Tar:7    | Noticed Ereshkigal
 91363 | Tar:7    | Identified the amulet "Dudofahe" {Spirit +Blink rN+ Stlth+}
 91376 | Tar:7    | Killed Ereshkigal
 91388 | Tar:7    | Identified the Almanac of Transmigration and the Escort
 91391 | Tar:7    | Identified the +3 buckler of the Ageless Hosts {Rampage
                  | Will+ Str+6}
 91396 | Tar:7    | Got a bone rune of Zot
 91397 | Tar:7    | Identified the ring of Feaw Benao {Fire rPois Str+4}
 92028 | Geh:1    | Entered Level 1 of Gehenna
 92484 | Geh:5    | Cast into level 2 of the Abyss (hell knight)
 93066 | Abyss:3  | Got an abyssal rune of Zot
 93201 | Geh:5    | Escaped the Abyss
 93336 | Geh:7    | Entered Level 7 of Gehenna
 93348 | Geh:7    | Reached skill level 27 in Invocations
 93571 | Geh:7    | Identified the +0 pair of boots of Light {Dex+3}
 93712 | Geh:7    | Identified the Compendium of the Escort
 93805 | Geh:7    | Found the ring of the Octopus King
 93809 | Geh:7    | Identified a ring of the Octopus King {AC+1 EV+1 Str+1
                  | Int+1 Dex+1 SInv}
 93831 | Geh:7    | Found the +4 skin of Zhor {*Englaciate rC+++ SInv}
 93854 | Geh:7    | Found the +7 sceptre of Asmodeus
 93854 | Geh:7    | Noticed Asmodeus
 93881 | Geh:7    | Killed Asmodeus
 93896 | Geh:7    | Got an obsidian rune of Zot
 94131 | Pan      | Entered Pandemonium
 94310 | Pan      | Found an exit through the horrors of the Abyss.
 94489 | Pan      | Found a runed translucent door.
 94576 | Pan      | Noticed Qaexaf the pandemonium lord
 94587 | Pan      | Killed Qaexaf the pandemonium lord
 94632 | Pan      | Noticed Irchim the pandemonium lord
 94645 | Pan      | Identified the +6 tower shield "Pugac" {Regen+ Slay+3}
 94652 | Pan      | Killed Irchim the pandemonium lord
 94861 | Pan      | Noticed Ive Obea the pandemonium lord
 94869 | Pan      | Killed Ive Obea the pandemonium lord
 95069 | Pan      | Noticed Refadun the pandemonium lord
 95109 | Pan      | Killed Refadun the pandemonium lord
 95225 | Pan      | Entered the realm of Lom Lobon.
 95567 | Pan      | Noticed Lom Lobon
 95592 | Pan      | Killed Lom Lobon
 95614 | Pan      | Got a magical rune of Zot
 95756 | Pan      | Noticed Hedup the pandemonium lord
 95780 | Pan      | Killed Hedup the pandemonium lord
 95893 | Pan      | Identified the +0 tower shield "Hijic" {Harm rF+ Will+++
                  | Int-4}
 95898 | Pan      | Gained mutation: Your spells are a little easier to cast,
                  | but a little less powerful. [a cacodemon]
 96076 | Pan      | Identified the +2 plate armour of Untruth {+Inv Dex+6}
 96105 | Pan      | Noticed Beick the pandemonium lord
 96115 | Pan      | Killed Beick the pandemonium lord
 96503 | Pan      | Noticed Wosa the pandemonium lord
 96516 | Pan      | Killed Wosa the pandemonium lord
 96645 | Pan      | Got a demonic rune of Zot
 96977 | Pan      | Entered the realm of Gloorx Vloq.
 97220 | Pan      | Noticed Gloorx Vloq
 97236 | Pan      | Killed Gloorx Vloq
 97255 | Pan      | Got a dark rune of Zot
 97380 | Depths:3 | Escaped Pandemonium
 97382 | Pan      | Entered the realm of Cerebov.
 97382 | Pan      | Entered Pandemonium
 97433 | Pan      | Found the +6 sword of Cerebov {flame}
 97433 | Pan      | Noticed Cerebov
 97467 | Pan      | Killed Cerebov
 97604 | Pan      | Identified the +3 longbow "Zaojouhyent" {flame, Fly Int+3}
 97605 | Pan      | Identified the +3 lajatang "Ninkisod" {vorpal, rElec rPois
                  | rC- Int+6}
 97613 | Pan      | Identified the +3 halberd of the Forgotten Spirits {freeze,
                  | rPois Will+ Str+2 SInv}
 97614 | Pan      | Identified the ring of the Country {Fly rC+}
 97633 | Pan      | Identified the +4 rapier "Akhlee" {vorpal, rPois rN+ Str+5}
 97690 | Pan      | Got a fiery rune of Zot
 97769 | Pan      | Identified the Almanac of Dusty Companions
 98019 | Pan      | Entered the realm of Mnoleg.
 98073 | Pan      | Noticed Mnoleg
 98081 | Pan      | Killed Mnoleg
 98171 | Pan      | Got a glowing rune of Zot
 98466 | Pan      | Identified the +3 buckler of Insecurity {rC+ Regen+}
 98485 | Pan      | Found a white marble altar of Elyvilon.
 98949 | Pan      | Gained mutation: Your body sometimes deteriorates upon
                  | taking damage. [a cacodemon]
 99111 | Pan      | Noticed Nimih the pandemonium lord
 99293 | Pan      | Noticed Pedora the pandemonium lord
 99492 | Pan      | Found a transporter.
 99568 | Pan      | Found a transporter.
 99745 | Pan      | Found a huge runed translucent gate.
 99745 | Pan      | Found a huge runed translucent gate.
 99745 | Pan      | Found a huge runed translucent gate.
 99745 | Pan      | Found a huge runed translucent gate.
 99748 | Pan      | Found a huge runed translucent gate.
 99749 | Pan      | Found a huge runed translucent gate.
 99750 | Pan      | Found a huge runed translucent gate.
 99755 | Pan      | Noticed Pugic the pandemonium lord
 99771 | Pan      | Killed Pugic the pandemonium lord
 99815 | Pan      | Found an exit through the horrors of the Abyss.
 99833 | Pan      | Took an exit into the Abyss.
 99833 | Abyss:1  | Escaped into the Abyss
100162 | Depths:3 | Escaped the Abyss
100242 | Dis:1    | Entered Level 1 of the Iron City of Dis
100717 | Dis:7    | Entered Level 7 of the Iron City of Dis
100882 | Dis:7    | Reached skill level 27 in Evocations
101137 | Dis:7    | Reached skill level 27 in Fighting
101148 | Dis:7    | Identified the Collected Works on Captivating Orientation
101351 | Dis:7    | Found the +4 staff of Dispater
101351 | Dis:7    | Noticed Dispater
101367 | Dis:7    | Killed Dispater
101385 | Dis:7    | Identified the +4 dire flail "Kuotas" {vorpal, rPois rC+
                  | Dex-4 Stlth+}
101387 | Dis:7    | Got an iron rune of Zot
101730 | Tomb:1   | Entered Level 1 of the Tomb of the Ancients
101861 | Tomb:1   | Paralysed by a sphinx for 7 turns
101975 | Tomb:1   | Reached skill level 15 in Polearms
102406 | Tomb:1   | Noticed a royal mummy
102411 | Tomb:1   | Killed a royal mummy
102496 | Tomb:1   | Noticed a royal mummy
102509 | Tomb:1   | Killed a royal mummy
102686 | Tomb:1   | Noticed Sojobo
102688 | Tomb:1   | Noticed a royal mummy
102696 | Tomb:1   | Killed a royal mummy
102696 | Tomb:1   | Killed Sojobo
102875 | Tomb:2   | Noticed a royal mummy
102877 | Tomb:2   | Noticed a royal mummy
102886 | Tomb:2   | Noticed a royal mummy
102890 | Tomb:2   | Killed a royal mummy
102893 | Tomb:2   | Noticed a royal mummy
102908 | Tomb:2   | Killed a royal mummy
102908 | Tomb:2   | Killed a royal mummy
102930 | Tomb:2   | Killed a royal mummy
103101 | Tomb:2   | Identified the +2 scale mail of Hiuwk {rPois rN+ Slay+3}
103381 | Tomb:3   | Entered Level 3 of the Tomb of the Ancients
103405 | Tomb:3   | Noticed a royal mummy
103414 | Tomb:3   | Killed a royal mummy
103417 | Tomb:3   | Noticed a royal mummy
103432 | Tomb:3   | Killed a royal mummy
103451 | Tomb:3   | Noticed a royal mummy
103457 | Tomb:3   | Killed a royal mummy
103457 | Tomb:3   | Noticed a royal mummy
103458 | Tomb:3   | Noticed a royal mummy
103470 | Tomb:3   | Killed a royal mummy
103476 | Tomb:3   | Killed a royal mummy
103476 | Tomb:3   | Noticed Khufu
103481 | Tomb:3   | Noticed a royal mummy
103487 | Tomb:3   | Noticed a royal mummy
103488 | Tomb:3   | Was placed under penance by the Shining One
103490 | Tomb:3   | Noticed a royal mummy
103544 | Tomb:3   | Was forgiven by the Shining One
103571 | Tomb:3   | Killed a royal mummy
103596 | Tomb:3   | Killed a royal mummy
103833 | Tomb:3   | Identified the +7 halberd of the Howling King {venom, rF+
                  | rC- rN+}
103840 | Tomb:3   | Identified the Incunabulum of Torrid Creation
103853 | Tomb:3   | Identified Cysmim's Tome of Shifting Toxins
103901 | Tomb:3   | Identified the +2 scale mail of Dateh {rC+ Slay+5}
103904 | Tomb:3   | Identified the +2 robe of Anarchy {Str+2}
103906 | Tomb:3   | Identified the +1 hand crossbow of Sloth {flame, Str+4
                  | Dex+3}
103978 | Tomb:3   | Got a golden rune of Zot
104021 | Tomb:3   | Lost mutation: Your body sometimes deteriorates upon taking
                  | damage. [mutagenic glow]
104033 | Tomb:3   | Gained mutation: You are dopey. (Int -2) [mutagenic glow]
104052 | Tomb:3   | Killed Khufu
104057 | Tomb:3   | Killed a royal mummy
104080 | Tomb:3   | Gained mutation: You are frail. (-10% HP) [mutagenic glow]
104105 | Tomb:3   | Acquired 1009 gold pieces
104763 | Zot:5    | Entered Level 5 of the Realm of Zot
105772 | Zot:5    | Noticed an orb of fire
105781 | Zot:5    | Noticed an orb of fire
105792 | Zot:5    | Killed an orb of fire
105806 | Zot:5    | Killed an orb of fire
105807 | Zot:5    | Noticed a dread lich
105822 | Zot:5    | Killed a dread lich
105826 | Zot:5    | Noticed an ancient lich
105828 | Zot:5    | Noticed an orb of fire
105834 | Zot:5    | Killed an orb of fire
105841 | Zot:5    | Killed an ancient lich
106933 | Zot:5    | Got the Orb of Zot
107628 | D:$      | Escaped with the Orb!

Illustrated notes

Levels and vault maps discovered:
D:1:      lightli_arrival_statue_moat, layout_loops_ring
D:2:      layout_basic, serial_shops, shop, shop_scrolls, shop_coins
D:3:      layout_rooms, grunt_temple_overflow_open,
          chequers_ecumenical_altar_simple_redux
D:4:      layout_cave_pods, okawaru_metal_pillars_1_2, nrook_uturn,
          hangedman_abyss_or_decor_stagger, st_stairs_3, grunt_ministairs_14,
          kennysheep_generic_room_7
D:5:      layout_basic, uniq_menkaure
D:6:      layout_loops_corners, lemuel_tele_altar, kennysheep_mini,
          minmay_temple_entry_ruins, nrook_mini_vaults
D:7:      layout_loops_ring, eat_drink_and_be_merry_uskayaw,
          gammafunk_ghost_split, skrybe_limestone_x
D:8:      layout_basic, grunt_lair_entry_orc_guard_hut, serial_shops, shop,
          minmay_holes
D:9:      layout_rooms, erik_orc_1, uniq_erolcha
D:10:     layout_basic, grunt_temple_overflow_cloverleaf, enter_bailey_5,
          dk_noncrumbling_2
D:11:     layout_roguey, fedhas_altar_3
D:12:     minmay_expanding_squares, layout_loops_corners, uniq_rupert
D:13:     layout_loops_ring, gauntlet_entry_generic,
          muffindrake_ghost_dual_entry
D:14:     layout_rooms, david_vaults_2, minmay_misc_feat_x
D:15:     gammafunk_depths_entry_grave, layout_basic, patterned_corridor
Temple:   corrupted_temple
Lair:1:   layout_regular_city, nicolae_volcano_entry_two_sided,
          grunt_megastairs_1, infiniplex_staircase_pool
Lair:2:   minmay_lair_venomous_thicket, layout_regular_city,
          elwin_shoals_entry_stream, serial_bayou_lagoon_a,
          infiniplex_staircase_pool_2
Lair:3:   nzn_winding_woodlands_small [nzn_winding_woodlands_5x15_sidewinder,
          nzn_winding_woodlands_center_lodge, nzn_winding_woodlands_5x15_pool],
          layout_regular_city, guppyfry_snake_entry_garden,
          cheibrodos_lair_reptile_den, minmay_lair_oklob_chamber
Lair:4:   layout_cave_pods, serial_bayou_shore_b
Lair:5:   layout_regular_city, kennysheep_basilisk_garden, grunt_megastairs_5
Lair:6:   hangedman_lair_tendril_chambers, layout_cave_pods,
          dpeg_slime_entry_enclosed_altar, minmay_hedge_maze, fungi_pond_lemuel
Shoals:1: layout_shoals, serial_shops, bzr_entry_islet,
          nicolae_shoals_aquamancer_cove
Shoals:2: layout_shoals, abandoned_shop
Shoals:3: layout_shoals, nicolae_shoals_isolated_beach
Shoals:4: shoals_end_simple, layout_shoals, nzn_prometheus_bound
Snake:1:  layout_chambers, grunt_megastairs_2, lemuel_fruit_tree,
          minmay_shoptagon, uniq_asterion, uniq_aizul
Snake:2:  layout_basic, chequers_hall_statues_y, grunt_ministairs_12
Snake:3:  cheibrodos_toxic_ritual, layout_rooms
Snake:4:  snake_pit_salamanders_mu, layout_cave_town, drop_trap,
          grunt_ministairs_8, serial_bayou_crossing, serial_bayou_shore_b
Slime:1:  nicolae_slime_jelly_donut, layout_caves,
          cheibrodos_slime_lost_civilization_5
Slime:2:  layout_caves
Slime:3:  layout_caves
Slime:4:  layout_caves
Slime:5
Orc:1:    layout_caves, uniq_urug
Orc:2:    st_orc_town, layout_caves, mines1_david
Elf:1:    minmay_elf_arrival_plus, layout_loops_ring, basic_altar,
          minmay_elf_demonology, minmay_misc_feat_cross,
          hangedman_elf_simple_split, st_stairs_12
Elf:2:    layout_gridlike, minmay_crystal_room, uniq_saint_roka
Elf:3:    minmay_elf_hall_hex, layout_geoelf_castle, serial_shops, shop
Vaults:1: vaults_room_ringed_pool, v_misc_30, nicolae_vaults_circle_grid_a,
          hangedman_vaults_stream, v_misc_28, nicolae_vaults_little_squares_4,
          layout_vaults_omnicross, serial_shops, shop, nicolae_shop_crystal,
          nicolae_shop_window_shopping, nicolae_shop_stone,
          nicolae_shop_competitors_out_of_business
Vaults:2: nicolae_vaults_little_squares_6, hangedman_vaults_pinch, v_misc_16,
          vaults_mumra_minichess_inversion, minmay_crypt_entry_necro_gods,
          grunt_vaults_hallway_long, st_lattice, v_rooms_1, v_misc_24,
          v_misc_11, nicolae_vaults_diagonal_hallway_9, v_misc_2,
          grunt_vaults_twisty, layout_vaults_omnibox
Vaults:3: ebering_vaults_ghost_inner_flame, nicolae_vaults_ring_of_whatevers,
          hangedman_vaults_trim, ontoclasm_vaults_twist, vaults_room_door_ring,
          layout_vaults_omnigrid, serial_shops, shop
Vaults:4: vaults_dpeg_doors, v_misc_5, nicolae_vaults_asterisk,
          vaults_room_stairs_pillars, v_misc_14, nicolae_vaults_theta,
          vaults_dpeg_cross, vaults_room_glass_cross, hangedman_vaults_slice,
          hangedman_vaults_corner, v_pattern_5, v_misc_30,
          layout_vaults_maze_bifur
Vaults:5: serial_shops
Crypt:1:  gammafunk_sealed_library, layout_gridlike, lemuel_upstairs_altar,
          uniq_boris, uniq_margery
Crypt:2:  minmay_skeleton_keep, layout_chaotic_city,
          chequers_hall_statues_wall_a, hex_tiny, st_stairs_8
Crypt:3:  church_of_pain_bobbens, layout_chaotic_city
Tomb:1:   uniq_sojobo
Tomb:2
Tomb:3
Depths:1: layout_small_grid, hangedman_decor_diamond_cutter, hell_entry,
          chequers_serial_rivers_small_3, kennysheep_generic_room_4,
          serial_bayou_shore_a, serial_bayou_shore_b
Depths:2: hangedman_grunt_twisty_little_passages, layout_cave_shapes,
          enter_ziggurat_e, abyss_entry, hell_entry, hangedman_decor_push,
          uniq_nikola
Depths:3: minmay_octo_star, layout_long_grid, nicolae_trove_entry_crossroad,
          pan_entry, hell_entry, lemuel_coloured_pillars_altar,
          infiniplex_staircase_zigzag_5
Depths:4: minmay_five_octagons, layout_basic, hell_entry, abyss_entry,
          infiniplex_staircase_x, uniq_mennas
Depths:5: grunt_zot_entry_hairpin, layout_gridlike, serial_shops,
          nicolae_shop_statue_plus, amcnicky_mini_rare_corridor_liquid,
          grunt_hell_horde
Hell
Dis:1:    layout_gridville
Dis:2:    layout_subdivisions
Dis:3:    layout_subdivisions
Dis:4:    layout_gridville, nrook_loot_triangle,
          hangedman_dis_decor_blocks_crown
Dis:5:    layout_subdivisions
Dis:6:    layout_gridville
Dis:7:    iron_city_of_dis [dis_old, dis_wall_5], layout_chaotic_city
Geh:1:    layout_gehenna_lava_caves
Geh:2:    layout_gehenna_pools_triple
Geh:3:    layout_gehenna_lava_caves
Geh:4:    layout_gehenna_pools_triple
Geh:5:    layout_gehenna_pools_box
Geh:6:    layout_gehenna_lava_caves, lemuel_flamethrower_3
Geh:7:    geh_grunt
Coc:1:    layout_ice_bergs
Coc:2:    layout_ice_bergs
Coc:3:    layout_cocytus_water_paths
Coc:4:    layout_cocytus_water_paths
Coc:5:    layout_cocytus_water_paths
Coc:6:    layout_cocytus_water_paths
Coc:7:    coc_grunt_cove [coc_grunt_cove_antaeus, coc_grunt_cove_fiend,
          coc_grunt_cove_fiend, coc_grunt_cove_fiend, coc_grunt_cove_fiend]
Tar:1:    layout_honeycomb
Tar:2:    layout_cathedral_of_symmetry
Tar:3:    layout_catacombs
Tar:4:    layout_catacombs
Tar:5:    layout_cathedral_of_symmetry
Tar:6:    layout_grid_maze
Tar:7:    tar_minmay_river
Zot:1:    layout_onion_interference, nicolae_transmutations_shop,
          hangedman_zot_decor_slant
Zot:2:    layout_onion_interference
Zot:3:    layout_cellular_growth
Zot:4:    layout_misc_corridors, zot_minivault_4
Zot:5:    layout_gridlike

Skill      XL: |  1  2  3  4  5  6  7  8  9 10 11 12 13 14 15 16 17 18 19 20 21 22 23 24 25 26 27 |
---------------+----------------------------------------------------------------------------------+-----
Polearms       | 3 4 5 6 7 8 9 11 13 19 | 19.7
Throwing       | 1 2 3 4 5 6 7 8 10 12 14 15 16 | 16.0
Dodging        | 2 3 4 5 6 9 11 12 13 14 15 17 21 | 21.5
Fighting       | 4 5 6 7 9 10 11 13 14 15 16 17 27 | 27.0
Armour         | 3 4 5 7 8 10 11 13 15 16 17 21 | 21.3
Axes           | 1 2 |  2.3
Evocations     | 2 4 9 10 12 14 15 16 18 19 27 | 27.0
Shields        | 3 4 10 12 14 15 20 | 20.4
Invocations    | 7 27 | 27.0
Spellcasting   | 8 10 | 10.0
Translocations | 8 10 | 10.0
Maces & Flails | |  0.8

Action                   |  1- 3 |  4- 6 |  7- 9 | 10-12 | 13-15 | 16-18 | 19-21 | 22-24 | 25-27 || total
-------------------------+-------+-------+-------+-------+-------+-------+-------+-------+-------++-------
Melee: Spear             |   100 |   165 |   108 |       |       |       |       |       |       ||   373
       War axe           |       |       |    93 |       |       |       |       |       |       ||    93
       Trident           |       |       |   170 |   552 |  1816 |  1551 |   540 |       |       ||  4629
       Hand axe          |       |       |       |    22 |       |       |       |       |       ||    22
       Demon trident     |       |       |       |       |       |       |  1472 |  1151 |       ||  2623
       Lance             |       |       |       |       |       |       |       |   867 |  3415 ||  4282
       Trishula          |       |       |       |       |       |       |       |       |  5617 ||  5617
Throw: Dart              |       |     2 |    33 |    37 |    14 |       |       |       |       ||    86
       Boomerang         |       |       |       |    11 |    67 |   145 |   114 |   202 |   443 ||   982
       Javelin           |       |       |       |     4 |    31 |     9 |     4 |    22 |   338 ||   408
       Throwing net      |       |       |       |       |       |       |       |     3 |     1 ||     4
 Cast: Blink             |       |       |       |       |       |       |       |       |    23 ||    23
       Apportation       |       |       |       |       |       |       |       |       |    39 ||    39
Invok: Berserk           |     2 |     2 |     7 |    15 |    17 |     3 |     3 |       |     1 ||    50
       Brothers in Arms  |       |       |       |     2 |     7 |     3 |     1 |     3 |       ||    16
       Trog's Hand       |       |       |       |     2 |     5 |     3 |    11 |       |       ||    21
       Divine Shield     |       |       |       |       |       |       |       |       |    15 ||    15
       Brand Weapon With |       |       |       |       |       |       |       |       |     1 ||     1
       Cleansing Flame   |       |       |       |       |       |       |       |       |   111 ||   111
       Summon Divine War |       |       |       |       |       |       |       |       |    49 ||    49
Evoke: Wand              |       |       |       |    14 |    33 |    14 |    20 |     9 |    47 ||   137
       Tin of tremorston |       |       |       |       |       |       |     8 |     7 |    18 ||    33
       Box of beasts     |       |       |       |       |       |       |     1 |     3 |       ||     4
  Use: Scroll            |     2 |     6 |     5 |    13 |     6 |     2 |     4 |     8 |    65 ||   111
       Potion            |       |       |     1 |     2 |     2 |     1 |       |     5 |    22 ||    33
 Stab: Sleeping          |     2 |     2 |       |       |       |       |       |       |       ||     4
       Paralysed         |       |       |       |     4 |     2 |       |       |       |       ||     6
       Distracted        |       |       |       |       |     1 |       |     1 |     7 |       ||     9
Armor: Animal skin       |    14 |    27 |       |       |       |       |       |       |       ||    41
       Scale mail        |       |    28 |    15 |       |       |       |       |       |       ||    43
       Chain mail        |       |       |   170 |   291 |   603 |   405 |   482 |   469 |   834 ||  3254
       Fire dragon scale |       |       |       |       |    31 |       |       |       |       ||    31
       Gold dragon scale |       |       |       |       |       |       |       |       |  1641 ||  1641
Dodge: Dodged            |    42 |    60 |   146 |   210 |   550 |   402 |   372 |   559 |  2985 ||  5326
       Repelled          |       |       |       |       |       |    24 |       |       |       ||    24
Block: Other             |       |       |       |    26 |    14 |       |       |       |       ||    40
       Reflection        |       |       |       |     1 |     1 |    76 |    85 |    56 |    87 ||   306
       Buckler           |       |       |       |       |   538 |       |       |       |       ||   538
       Kite shield       |       |       |       |       |     8 |   875 |   714 |   808 |  4426 ||  6831

Table legend: (Time is in decaauts)
 A = Elapsed time spent in this place.
 B = Non-inter-level travel time spent in this place.
 C = Inter-level travel time spent in this place.
 D = Time resting spent in this place.
 E = Time spent auto-exploring this place.
 F = Levels seen in this place.
 G = Mean time per level.
                   A        B        C        D        E       F      G
               +--------+--------+--------+--------+--------+-----+--------+
         Total | 101474 |  85479 |  15995 |  16134 |  26617 | 126 |  805.3 |
       Dungeon |  24416 |  17264 |   7152 |   4368 |   6413 |  15 | 1627.7 |
        Temple |     78 |     46 |     32 |      0 |      0 |   1 |   78.0 |
          Lair |   8423 |   7317 |   1106 |   1071 |   2580 |   6 | 1403.8 |
        Shoals |   4820 |   4404 |    416 |   1340 |    385 |   4 | 1205.0 |
     Snake Pit |   6199 |   5501 |    698 |   1540 |   1489 |   4 | 1549.8 |
    Slime Pits |   1029 |    971 |     58 |    213 |      0 |   5 |  205.8 |
  Orcish Mines |   2026 |   1751 |    275 |    230 |    595 |   2 | 1013.0 |
   Elven Halls |   5392 |   4917 |    475 |    965 |   1933 |   3 | 1797.3 |
        Vaults |  13618 |  11266 |   2352 |   2635 |   4527 |   5 | 2723.6 |
         Crypt |   3769 |   3476 |    293 |    263 |   1541 |   3 | 1256.3 |
          Tomb |   2413 |   2190 |    223 |    121 |    938 |   3 |  804.3 |
        Depths |   9635 |   7731 |   1904 |   2088 |   2358 |   5 | 1927.0 |
          Hell |   1073 |    899 |    174 |     15 |    267 |   1 | 1073.0 |
           Dis |   1095 |   1012 |     83 |     60 |     29 |   7 |  156.4 |
       Gehenna |    985 |    911 |     74 |      0 |      0 |   7 |  140.7 |
       Cocytus |   1533 |   1533 |      0 |      7 |      8 |   7 |  219.0 |
      Tartarus |   1178 |   1113 |     65 |     31 |     30 |   7 |  168.3 |
           Zot |   5602 |   4993 |    609 |    273 |   2598 |   5 | 1120.4 |
         Abyss |    919 |    919 |      0 |      0 |      0 |   5 |  183.8 |
   Pandemonium |   5108 |   5108 |      0 |    277 |    720 |  26 |  196.5 |
        Bazaar |    132 |    132 |      0 |      0 |     42 |   1 |  132.0 |
         Trove |    131 |    131 |      0 |      0 |     51 |   1 |  131.0 |
        Bailey |    759 |    759 |      0 |    197 |     39 |   1 |  759.0 |
       Volcano |    653 |    653 |      0 |    387 |      0 |   1 |  653.0 |
      Gauntlet |    477 |    477 |      0 |     46 |     72 |   1 |  477.0 |
               +--------+--------+--------+--------+--------+-----+--------+

Top non-repeatable levels by time:
Vaults:4: 3841 daAuts
   Elf:3: 3352 daAuts
Vaults:5: 2961 daAuts
    D:12: 2874 daAuts
Vaults:1: 2738 daAuts
Vaults:2: 2627 daAuts
    D:13: 2390 daAuts
Depths:3: 2327 daAuts
 Snake:1: 2287 daAuts
Depths:2: 2267 daAuts
Depths:5: 2242 daAuts
     D:4: 2122 daAuts
   Zot:5: 2013 daAuts
 Snake:4: 1980 daAuts
    D:11: 1918 daAuts
